 Dungeon Crawl Stone Soup version 0.29.0-4-gdea44cf6ec (webtiles) character file.

Game seed: 16461555148117271020

1908 qw the Cleaver (level 9, -2/54 HPs)
             Began as a Tengu Warper on Aug 28, 2022.
             Slain by a sky beast (5 damage)
             ... on level 8 of the Dungeon.
             The game lasted 00:00:42 (7939 turns).

qw the Cleaver (Tengu Warper)                       Turns: 7939, Time: 00:00:42

Health: -2/54      AC: 12    Str: 16    XL:     9   Next: 16%
Magic:  13/13      EV:  6    Int: 13    God:
Gold:   272        SH:  0    Dex: 14    Spells: 12/12 levels left

rFire   . . .      SeeInvis .   Y - +1 hand axe (elec)
rCold   . . .      Faith    .   (no shield)
rNeg    . . .      Spirit   .   e - +0 plate armour
rPois   .          Reflect  .   (helmet restricted)
rElec   .          Harm     .   (no cloak)
rCorr   +          Rampage  .   (no gloves)
Will    .....                   (boots unavailable)
Stlth   ..........              (no amulet)
HPRegen 0.18/turn               h - ring of resist corrosion
MPRegen 0.13/turn               (no ring)

@: flying quickly and evasively, quick
A: beak, talons 3, nimble flight
a: no special abilities


You were on level 8 of the Dungeon.
You visited 1 branch of the dungeon, and saw 7 of its levels.

You collected 296 gold pieces.
You spent 24 gold pieces at shops.


Innate Abilities, Weirdness & Mutations

You have a beak for a mouth.
You have claws for feet.
Your magical nature lets you fly swiftly and evasively.


   Skills:
 - Level 5.1 Fighting
 + Level 10.6 Axes
 - Level 1.0 Throwing
 - Level 5.1 Armour
 - Level 2.1 Dodging
 - Level 2.0 Spellcasting
 - Level 2.4 Translocations


You had 12 spell levels left.
You didn't know any spells.
Your spell library contained the following spells:

 Spells                   Type           Power      Damage    Failure   Level
 Blink                    Tloc           14%        N/A       100%        2
 Gell's Gravitas          Tloc           7%         N/A       100%        3
 Lesser Beckoning         Tloc           7%         N/A       100%        3
 Teleport Other           Tloc           7%         N/A       100%        3
 Manifold Assault         Tloc           7%         N/A       100%        5

Inventory:

Hand Weapons
 g - a +0 vorpal flail
 Y - a +1 hand axe of electrocution (weapon)
Armour
 e - a +0 plate armour (worn)
Jewellery
 b - a ring of resist corrosion
 h - a ring of resist corrosion (left hand)
Scrolls
 a - 4 scrolls of identify
Potions
 c - a potion of might
 d - a potion of ambrosia {unknown}
 f - a potion of attraction {unknown}

Dungeon Overview and Level Annotations

Branches:
Dungeon (6/15)
 Temple: D:4-7

Altars:
Hepliaklqana
Ru
Yredelemnul

Shops:
D:2 ?=:

Annotations:
D:4 2 runed translucent doors, qw's ghost, amateur TeWr


Message History

You barely miss the killer bee. Your kick misses the killer bee.
The killer bee is severely wounded.
The killer bee stings you but does no damage.
The killer bee stings you.
You closely miss the killer bee.
The killer bee is severely wounded.
The killer bee barely misses you.
You hit the killer bee. You claw the killer bee.
You kill the killer bee!
You miss something. Something hits you but does no damage.
You miss something. Something hits you but does no damage.
You hit something. You hit something. Something hits you. Something shocks you.
You hit something but do no damage. Something hits you but does no damage.
You miss something. Something hits you but does no damage.
You barely miss something. Something hits you but does no damage.
You barely miss something. You hit something. Your kick misses something.
Something hits you but does no damage.
You barely miss something. Your kick misses something.
Your peck misses something. Something hits you but does no damage.
You miss something. Something hits you but does no damage.
You slash something! Your kick misses something. Your peck misses something.
You closely miss something. You claw something.
Something hits you but does no damage.
You miss something. You claw something. Something hits you but does no damage.
You closely miss something. Your peck misses something.
A sky beast appears from thin air!
Reactivating autopickup.
The sky beast hits you. The sky beast shocks you.
You die...

.... ..#
...........# .#
...........# ...
..........##.#
.............#
##...##....# .
##..........#...
#......Y.%......
#.......@!......
#...............
##..........#...
##...##....# ..
#########...
####


You could see a sky beast.

Vanquished Creatures
  Prince Ribbit (D:6)
  Eustachio (D:6)
  Menkaure (D:4)
  2 black bears (D:5)
  A sky beast (D:6)
  3 ogres
  A necrophage (D:6)
  A bullfrog (D:6)
  5 killer bees (D:8)
  2 jellies
  4 hounds
  5 iguanas
  3 orc wizards
  9 adders
  A shadow imp (D:6)
  3 white imps
  An ufetubus (D:5)
  2 worms
  16 orcs
  7 ball pythons
  3 bats
  8 endoplasms
  5 giant cockroaches
  5 hobgoblins
  7 jackals
  2 quokkas
  2 training dummies (D:4)
  2 frilled lizards
  9 goblins
  6 kobolds
  2 rats (D:2)
120 creatures vanquished.

Vanquished Creatures (others)
  4 toadstools (D:6)
4 creatures vanquished.

Grand Total: 124 creatures vanquished

Notes
Turn   | Place    | Note
-------+----------+-------------------------------------------
     0 | D:1      | qw the Tengu Warper began the quest for the Orb.
     0 | D:1      | Reached XP level 1. HP: 12/12 MP: 4/4
     0 | D:1      | 0 ||| qw: Version: 0.1-a-89-g26bdef1
     0 | D:1      | 0 ||| qw: Game counter: 1427
     0 | D:1      | 0 ||| qw: Always use a shield: true
     0 | D:1      | 0 ||| qw: God list: Okawaru
     0 | D:1      | 0 ||| qw: Allow faded altars: false
     0 | D:1      | 0 ||| qw: Do Orc after D:15 true
     0 | D:1      | 0 ||| qw: Do second Lair branch before Depths: true
     0 | D:1      | 0 ||| qw: Lair rune preference: random
     0 | D:1      | 0 ||| qw: Plans: Normal
     0 | D:1      | 0 ||| PLANNING D:1-11
    37 | D:1      | 37 ||| Stepping ~*~*~tactically~*~*~ (stealth).
    41 | D:1      | 41 ||| Stepping ~*~*~tactically~*~*~ (stealth).
    55 | D:1      | HP: 1/12 [jackal (3)]
    57 | D:1      | Reached XP level 2. HP: 1/17 MP: 6/6
    59 | D:1      | Reached skill level 3 in Axes
   381 | D:1      | Found a faded altar of an unknown god.
   988 | D:1      | 988 ||| DROPPING amulet of faith.
   989 | D:1      | 989 ||| UPGRADING to ring of resist corrosion.
   990 | D:1      | 990 ||| READING 4 scrolls labelled KUYDONA QIUKIF.
   991 | D:1      | 991 ||| READING scroll labelled RINAFA LUGOACE.
   992 | D:1      | 992 ||| READING 3 scrolls of identify.
   992 | D:1      | 992 ||| IDENTIFYING clear potion
   993 | D:1      | 993 ||| DROPPING scroll of blinking.
  1028 | D:2      | Found Judoges's Magic Scroll Boutique.
  1038 | D:2      | Reached XP level 3. HP: 21/21 MP: 7/7
  1040 | D:2      | 1040 ||| SHOPLISTING scroll of enchant armour (90 gold,
                  | have 33).
  1040 | D:2      | 1040 ||| BUYING scroll of identify (24 gold).
  1040 | D:2      | Bought a scroll of identify for 24 gold pieces
  1040 | D:2      | 1040 ||| SHOPLISTING scroll of teleportation (36 gold, have
                  | 9).
  1131 | D:2      | Reached skill level 4 in Axes
  1167 | D:2      | 1167 ||| FLEEEEING.
  1168 | D:2      | 1168 ||| FLEEEEING.
  1173 | D:2      | 1173 ||| STAIRDANCE
  1247 | D:1      | 1247 ||| READING scroll labelled EFROIQ AGUTOY.
  1253 | D:2      | 1253 ||| STAIRDANCE
  1362 | D:2      | Found Tivvoant's Book Emporium.
  1495 | D:2      | 1495 ||| Stepping ~*~*~tactically~*~*~ (stealth).
  1495 | D:2      | Found Xearikk's Jewellery Emporium.
  1496 | D:2      | 1496 ||| Stepping ~*~*~tactically~*~*~ (stealth).
  1509 | D:2      | 1509 ||| SHOPLISTING +4 ring of evasion (396 gold, have
                  | 42).
  1509 | D:2      | 1509 ||| SHOPLISTING +4 ring of slaying (858 gold, have
                  | 42).
  1509 | D:2      | 1509 ||| SHOPLISTING +6 ring of strength (396 gold, have
                  | 42).
  1509 | D:2      | 1509 ||| SHOPLISTING amulet of regeneration (330 gold, have
                  | 42).
  1509 | D:2      | 1509 ||| SHOPLISTING ring of ice (275 gold, have 42).
  1509 | D:2      | 1509 ||| SHOPLISTING ring of positive energy (220 gold,
                  | have 42).
  1509 | D:2      | 1509 ||| SHOPLISTING ring of resist corrosion (220 gold,
                  | have 42).
  1544 | D:2      | 1544 ||| Stepping ~*~*~tactically~*~*~ (stealth).
  1545 | D:2      | 1545 ||| Stepping ~*~*~tactically~*~*~ (stealth).
  1554 | D:2      | 1554 ||| FLEEEEING.
  1564 | D:2      | 1564 ||| STAIRDANCE
  1615 | D:1      | 1615 ||| READING scroll labelled RUASSE LALIC.
  1716 | D:1      | 1716 ||| READING 3 scrolls of identify.
  1716 | D:1      | 1716 ||| IDENTIFYING smoky sapphire potion
  1717 | D:1      | 1717 ||| DROPPING potion of degeneration.
  2069 | D:2      | 2069 ||| READING scroll labelled MAWKAS WUCOIRU.
  2070 | D:2      | 2070 ||| READING scroll labelled CYORUH ITWEOHU.
  2075 | D:2      | 2075 ||| READING 2 scrolls of identify.
  2075 | D:2      | 2075 ||| IDENTIFYING bubbling purple potion
  2076 | D:2      | 2076 ||| DROPPING potion of brilliance.
  2096 | D:3      | Reached XP level 4. HP: 26/26 MP: 8/8
  2208 | D:3      | 2208 ||| Stepping ~*~*~tactically~*~*~ (stealth).
  2215 | D:3      | 2215 ||| Stepping ~*~*~tactically~*~*~ (stealth).
  2223 | D:3      | 2223 ||| FLEEEEING.
  2227 | D:3      | 2227 ||| FLEEEEING.
  2228 | D:3      | 2228 ||| FLEEEEING.
  2229 | D:3      | 2229 ||| FLEEEEING.
  2230 | D:3      | 2230 ||| FLEEEEING.
  2307 | D:3      | 2307 ||| SWAPPING to +1 hand axe of electrocution.
  2308 | D:3      | 2308 ||| DROPPING +0 hand axe.
  2517 | D:3      | 2517 ||| Stepping ~*~*~tactically~*~*~ (stealth).
  2520 | D:3      | 2520 ||| Stepping ~*~*~tactically~*~*~ (stealth).
  2524 | D:3      | 2524 ||| FLEEEEING.
  2525 | D:3      | 2525 ||| FLEEEEING.
  2526 | D:3      | 2526 ||| FLEEEEING.
  2527 | D:3      | 2527 ||| FLEEEEING.
  2528 | D:3      | 2528 ||| FLEEEEING.
  2529 | D:3      | 2529 ||| FLEEEEING.
  2530 | D:3      | 2530 ||| FLEEEEING.
  2531 | D:3      | 2531 ||| FLEEEEING.
  2532 | D:3      | 2532 ||| FLEEEEING.
  2688 | D:3      | Reached skill level 5 in Axes
  3123 | D:3      | 3123 ||| READING 2 scrolls labelled WYLIFI ANAXKYPS.
  3124 | D:3      | 3124 ||| DRINKING 2 cyan potions.
  3125 | D:3      | 3125 ||| DRINKING 2 fuming white potions.
  3143 | D:3      | 3143 ||| DROPPING scroll of noise.
  3144 | D:3      | 3144 ||| DROPPING potion of flight.
  3145 | D:3      | 3145 ||| DROPPING potion of lignification.
  3288 | D:4      | Found a sacrificial altar of Ru.
  3291 | D:4      | Found a basalt altar of Yredelemnul.
  3321 | D:4      | 3321 ||| DRINKING potion of curing.
  3321 | D:4      | 3321 ||| (to cure poison)
  3326 | D:4      | HP: 6/26 [kobold/+0 short sword (3)]
  3689 | D:4      | Found a hazy altar of Hepliaklqana.
  3806 | D:4      | Gained mutation: Your magical nature lets you fly swiftly
                  | and evasively. [Tengu growth]
  3806 | D:4      | Reached XP level 5. HP: 25/30 MP: 9/9
  3871 | D:4      | Found a runed translucent door.
  3872 | D:4      | Noticed qw's ghost (amateur TeWr)
  3943 | D:4      | 3943 ||| Stepping ~*~*~tactically~*~*~ (hiding).
  4249 | D:4      | Found a runed translucent door.
  4249 | D:4      | Noticed Menkaure
  4250 | D:4      | 4250 ||| Stepping ~*~*~tactically~*~*~ (hiding).
  4251 | D:4      | 4251 ||| Stepping ~*~*~tactically~*~*~ (hiding).
  4254 | D:4      | 4254 ||| Stepping ~*~*~tactically~*~*~ (hiding).
  4258 | D:4      | Killed Menkaure
  4259 | D:4      | Reached skill level 7 in Axes
  4259 | D:4      | Reached XP level 6. HP: 34/35 MP: 10/10
  4381 | D:4      | 4381 ||| Stepping ~*~*~tactically~*~*~ (stealth).
  4383 | D:4      | 4383 ||| Stepping ~*~*~tactically~*~*~ (stealth).
  4385 | D:4      | 4385 ||| Stepping ~*~*~tactically~*~*~ (hiding).
  4885 | D:4      | 4885 ||| UPGRADING to +0 scale mail.
  4895 | D:4      | 4895 ||| DROPPING +0 leather armour.
  4896 | D:4      | 4896 ||| UPGRADING to +0 plate armour.
  4906 | D:4      | 4906 ||| DROPPING +0 scale mail.
  4907 | D:4      | 4907 ||| DROPPING orb of light.
  4908 | D:4      | 4908 ||| READING scroll labelled MIBLEFRUXOO.
  5046 | D:4      | 5046 ||| READING 5 scrolls of identify.
  5046 | D:4      | 5046 ||| IDENTIFYING sedimented sapphire potion
  5047 | D:4      | 5047 ||| READING 4 scrolls of identify.
  5047 | D:4      | 5047 ||| IDENTIFYING silvery potion
  5048 | D:4      | 5048 ||| DROPPING potion of magic.
  5142 | D:4      | 5142 ||| READING 2 scrolls of teleportation.
  5223 | D:5      | Entered Level 5 of the Dungeon
  5227 | D:5      | Noticed a black bear
  5232 | D:5      | Killed a black bear
  5368 | D:5      | Reached skill level 3 in Fighting
  5368 | D:5      | Reached XP level 7. HP: 38/41 MP: 11/11
  5412 | D:5      | Reached skill level 3 in Armour
  5827 | D:5      | Reached skill level 8 in Axes
  5831 | D:5      | 5831 ||| Stepping ~*~*~tactically~*~*~ (stealth).
  6220 | D:5      | 6220 ||| READING 5 scrolls of identify.
  6220 | D:5      | 6220 ||| IDENTIFYING lumpy blue potion
  6303 | D:4      | 6303 ||| READING scroll of teleportation.
  6425 | D:6      | HP: 9/41 [ogre/+0 giant club (14)]
  6426 | D:6      | 6426 ||| DRINKING 3 potions of heal wounds.
  6428 | D:6      | Reached XP level 8. HP: 32/46 MP: 12/12
  6773 | D:6      | Reached skill level 9 in Axes
  7103 | D:6      | Noticed Eustachio
  7152 | D:6      | HP: 11/47 [Eustachio/+0 rapier (1)]
  7153 | D:6      | 7153 ||| DRINKING 2 potions of heal wounds.
  7160 | D:6      | Killed Eustachio
  7462 | D:6      | Noticed Prince Ribbit
  7464 | D:6      | 7464 ||| Stepping ~*~*~tactically~*~*~ (stealth).
  7465 | D:6      | 7465 ||| Stepping ~*~*~tactically~*~*~ (stealth).
  7471 | D:6      | Killed Prince Ribbit
  7474 | D:6      | HP: 7/48 [iguana (8)]
  7475 | D:6      | 7475 ||| DRINKING potion of heal wounds.
  7480 | D:6      | Reached skill level 10 in Axes
  7677 | D:6      | 7677 ||| Stepping ~*~*~tactically~*~*~ (hiding).
  7678 | D:6      | 7678 ||| Stepping ~*~*~tactically~*~*~ (hiding).
  7685 | D:6      | 7685 ||| DRINKING potion of curing.
  7685 | D:6      | 7685 ||| (to cure confusion)
  7712 | D:6      | Reached XP level 9. HP: 52/54 MP: 13/13
  7781 | D:6      | 7781 ||| DROPPING +0 whip.
  7902 | D:6      | You are sucked into a shaft and drop 2 floors!
  7908 | D:8      | 7908 ||| Stepping ~*~*~tactically~*~*~ (stealth).
  7917 | D:8      | HP: 11/54 [killer bee (8)]
  7922 | D:8      | HP: 8/54 [killer bee (1)]
  7928 | D:8      | HP: 7/54 [something (1)]
  7928 | D:8      | HP: 2/54 [something (5)]
  7939 | D:8      | HP: 3/54 [sky beast (1)]
  7939 | D:8      | Slain by a sky beast

Levels and vault maps discovered:
D:1:      kennysheep_arrival_forest, layout_basic,
          shapermc_ecumenical_altar_pompeii, minmay_misc_feat_four_crosses
D:2:      layout_rooms, serial_shops, nicolae_shop_advertising_works
          [nicolae_subvault_shop_adworks], shop, nicolae_shop_crystal,
          grunt_decor_arrowhead, minivault_19, dreamdust_princess_corridor,
          chequers_serial_rivers_marsh
D:3:      layout_loops_corners
D:4:      dreamdust_elfheim, layout_basic, nicolae_overflow_hidden_temple,
          ebering_ghost_sewer_f, nicolae_elevator_lobby_asterisk, uniq_menkaure
D:5:      layout_loops_corners
D:6:      layout_layer_cave, minmay_gold_behind_fungi,
          kennysheep_generic_room_3, uniq_prince_ribbit1, uniq_eustachio
D:8:      lemuel_ice_statue, layout_rooms, mainiacjoe_overflow_surrounded_room,
          serial_shops, shop, minmay_lizard_king

Skill      XL: |  1  2  3  4  5  6  7  8 |
---------------+-------------------------+-----
Axes           | 3 4 5 7 8 10 | 10.6
Armour         | 2 3 5 |  5.1
Fighting       | 3 5 |  5.1
Throwing       | |  1.0
Dodging        | |  2.1
Spellcasting   | |  2.0
Translocations | |  2.4

Action                   |  1- 3 |  4- 6 |  7- 9 || total
-------------------------+-------+-------+-------++-------
Melee: Hand axe          |    85 |   102 |   192 ||   379
       Kick              |    18 |    21 |    63 ||   102
       Peck              |     8 |    13 |    30 ||    51
       Punch             |     2 |     1 |     3 ||     6
Throw: Boomerang         |     7 |       |       ||     7
  Use: Scroll            |     9 |     5 |     2 ||    16
       Potion            |       |     3 |     4 ||     7
Armor: Leather armour    |    23 |     6 |       ||    29
       Plate armour      |       |     7 |   117 ||   124
Dodge: Dodged            |    32 |    51 |    55 ||   138

Table legend:
 A = Non-vault XP
 B = Vault XP
 C = Vault XP percentage of total XP
 D = Non-vault monster count
 E = Vault monster count
 F = Vault count percentage of total count
                 A         B        C        D         E       F
            +---------+---------+-------+---------+---------+-------
      Total |    2108 |     618 |  22.7 |     115 |       5 |   4.2
            +---------+---------+-------+---------+---------+-------
        D:1 |      32 |       0 |   0.0 |      18 |       0 |   0.0
        D:2 |      49 |       0 |   0.0 |      19 |       0 |   0.0
        D:3 |      45 |       0 |   0.0 |      20 |       0 |   0.0
        D:4 |     137 |     176 |  56.2 |      14 |       3 |  17.6
        D:5 |     651 |       0 |   0.0 |      13 |       0 |   0.0
        D:6 |     875 |     442 |  33.6 |      26 |       2 |   7.1
        D:8 |     319 |       0 |   0.0 |       5 |       0 |   0.0
            +---------+---------+-------+---------+---------+-------
